 Dungeon Crawl Stone Soup version 0.26-a0-651-gb41185065b (webtiles) character file.

Game seed: 17560457856006159030

429 loralnil the Gusty (level 6, -1/32 HPs)
             Began as a Tengu Air Elementalist on Oct 29, 2020.
             Was an Initiate of the Shining One.
             Slain by an adder (3 damage)
             ... on level 4 of the Dungeon.
             The game lasted 00:08:37 (4733 turns).

loralnil the Gusty (Tengu Air Elementalist)         Turns: 4733, Time: 00:08:38

Health: -1/32      AC:  3    Str:  8    XL:     6   Next: 98%
Magic:  19/20      EV: 15    Int: 18    God:    the Shining One [......]
Gold:   211        SH:  0    Dex: 14    Spells: 1/11 levels left

rFire    + . .     SeeInvis .   e - +0 morningstar
rCold    . . .     Faith    .   (no shield)
rNeg     . . .     Spirit   .   p - +0 leather armour
rPois    .         Reflect  .   (helmet restricted)
rElec    .         Harm     .   (no cloak)
rCorr    .         Rampage  .   (no gloves)
MR       .....                  (boots unavailable)
Stlth    +.........             k - amulet of magic regeneration
HPRegen  0.10/turn              m - ring of magical power
MPRegen  0.42/turn              n - ring of protection from fire

@: lethally poisoned (-1 -> -5), flying quickly and evasively, glowing, quick
A: beak, talons 3, able to fly
a: Stop Flying, Renounce Religion


You were on level 4 of the Dungeon.
You worshipped the Shining One.
The Shining One was noncommittal.
You visited 2 branches of the dungeon, and saw 5 of its levels.

You collected 211 gold pieces.

Inventory:

Hand Weapons
 e - a +0 morningstar (weapon)
Armour
 a - a +0 robe
 p - a +0 leather armour (worn)
Jewellery
 k - an amulet of magic regeneration (around neck)
 m - a ring of magical power (left hand)
 n - a ring of protection from fire (right hand)
Scrolls
 b - a scroll of fog
 d - a scroll of enchant weapon {unknown}
 i - 2 scrolls of amnesia
 j - a scroll of remove curse
Potions
 c - 2 potions of stabbing
 f - a potion of flight
 g - a potion of haste
 h - 3 potions of might
 l - a potion of brilliance
 o - a potion of curing


   Skills:
 + Level 2.8 Maces & Flails
 + Level 0.4 Armour
 + Level 3.8 Dodging
 + Level 3.6 Stealth
 + Level 3.1 Spellcasting
 + Level 3.7 Conjurations
 + Level 5.3 Air Magic


You had one spell level left.
You knew the following spells:

 Your Spells              Type           Power        Failure   Level
a - Shock                 Conj/Air       ###.         3%          1
b - Swiftness             Air            ###.....     3%          2
c - Static Discharge      Conj/Air       ###.....     11%         3
d - Airstrike             Air            ###.......   24%         4

Your spell library contained the following spells:

 Spells                   Type           Power        Failure   Level
 Lightning Bolt           Conj/Air       ###.......   67%         5


Dungeon Overview and Level Annotations

Branches:
Dungeon (4/15)             Temple (1/1) D:4

Altars:
Hepliaklqana
Sif Muna
Trog
The Shining One

Shops:
D:4 (

Annotations:
D:4 Dowan, Duvessa


Innate Abilities, Weirdness & Mutations

You have a beak for a mouth.
You have claws for feet.
You can fly continuously.


Message History

Duvessa misses you. Duvessa hits you with a +0 short sword!
You hit Duvessa. Your kick misses Duvessa.
Duvessa is heavily wounded.
Duvessa completely misses you. The adder barely misses you.
You hit Duvessa.
Duvessa is severely wounded.
Duvessa hits you but does no damage. The adder barely misses you.
You hit Duvessa. You peck Duvessa, but do no damage.
Duvessa is severely wounded.
The adder bites you. Duvessa closely misses you. The adder closely misses you.
Duvessa barely misses you.
You closely miss Duvessa.
Duvessa is severely wounded.
The adder bites you.
You are poisoned.
The adder poisons you! Dowan hits you but does no damage.
Duvessa hits you with a +0 short sword!
* * * LOW HITPOINT WARNING * * *
The adder bites you.
You die...

##.## ##.......## #
#####...####.........####
............'.........'...
######...####.........####
#........###.......## #
#.###.##.# ##(....## #
...##.# ##...## ..#####†##
##+## #. #..S@..#
#....∩ee..# ##.#.####.# ..
.# ## .# .# .#


You could see Duvessa, Dowan and an adder.

Vanquished Creatures
  A scorpion (D:3)
  A centaur skeleton (D:4)
  2 orc wizards
  Natasha (D:4)
  A worker ant (D:4)
  11 adders
  An ooze (D:3)
  An adder skeleton (D:4)
  3 worms
  2 dart slugs (D:2)
  5 leopard geckos
  14 orcs
  2 ball pythons (D:1)
  3 giant cockroaches
  3 goblins
  10 hobgoblins
  7 jackals (D:3)
  10 kobolds
  5 quokkas
  A ball python skeleton (D:4)
  16 bats
  4 frilled lizards
  A leopard gecko skeleton (D:4)
  5 rats
110 creatures vanquished.

Notes
Turn   | Place    | Note
-------+----------+-------------------------------------------
     0 | D:1      | loralnil the Tengu Air Elementalist began the quest for the
                  | Orb.
     0 | D:1      | Reached XP level 1. HP: 10/10 MP: 4/4
   326 | D:1      | Reached XP level 2. HP: 15/15 MP: 3/6
   330 | D:1      | Learned a level 2 spell: Swiftness
   811 | D:2      | Reached XP level 3. HP: 4/19 MP: 0/7
  1284 | D:2      | Found a shimmering blue altar of Sif Muna.
  1427 | D:2      | Reached skill level 1 in Maces & Flails
  1427 | D:2      | Reached XP level 4. HP: 24/24 MP: 2/8
  1585 | D:2      | Learned a level 3 spell: Static Discharge
  2213 | D:2      | Gained mutation: You can fly continuously. [Tengu growth]
  2213 | D:2      | Reached XP level 5. HP: 28/28 MP: 5/9
  2915 | D:3      | Found a bloodstained altar of Trog.
  2946 | D:3      | Reached skill level 5 in Air Magic
  2946 | D:3      | Reached XP level 6. HP: 10/32 MP: 1/11
  3163 | D:3      | Learned a level 4 spell: Airstrike
  4255 | D:4      | Found a staircase to the Ecumenical Temple.
  4270 | Temple   | Entered the Ecumenical Temple
  4278 | Temple   | Became a worshipper of the Shining One
  4718 | D:4      | Found Fagyz's Weapon Emporium.
  4718 | D:4      | Noticed Dowan
  4721 | D:4      | Noticed Duvessa
  4721 | D:4      | Noticed Natasha
  4725 | D:4      | Killed Natasha
  4733 | D:4      | Slain by an adder

Illustrated notes

Levels and vault maps discovered:
D:1:      minmay_arrival_four_circles, layout_rooms, hex_tiny
D:2:      minmay_general_purpose_star, layout_basic, lemuel_crystal_altar
D:3:      layout_loops_ring, bloody_trog
D:4:      layout_loops_corners, minmay_temple_entry_tees, serial_shops, shop,
          uniq_crazy_yiuf_cottage, uniq_natasha, uniq_edmund, uniq_duvessa
Temple:   dpeg_chambers_temple

Skill      XL: |  1  2  3  4  5  6 |
---------------+-------------------+-----
Conjurations   | 2 3 |  3.7
Maces & Flails | 1 2 |  2.8
Dodging        | 3 |  3.8
Stealth        | 3 |  3.6
Air Magic      | 5 |  5.3
Spellcasting   | 3 |  3.1
Armour         | |  0.4

Action                   |  1- 3 |  4- 6 || total
-------------------------+-------+-------++-------
Melee: Unarmed           |     6 |       ||     6
       Kick              |     4 |    25 ||    29
       Whip              |    13 |     3 ||    16
       Peck              |     2 |    14 ||    16
       Morningstar       |       |    91 ||    91
 Cast: Shock             |    56 |   111 ||   167
       Static Discharge  |       |     3 ||     3
 Abil: Fly               |       |     1 ||     1
  Use: Scroll            |     3 |     7 ||    10
       Potion            |     1 |       ||     1
 Stab: Sleeping          |       |     6 ||     6
Armor: Robe              |     3 |    11 ||    14
       Leather armour    |       |     3 ||     3
Dodge: Dodged            |    22 |   119 ||   141

Table legend: (Time is in decaauts)
 A = Elapsed time spent in this place.
 B = Non-inter-level travel time spent in this place.
 C = Inter-level travel time spent in this place.
 D = Time resting spent in this place.
 E = Time spent auto-exploring this place.
 F = Levels seen in this place.
 G = Mean time per level.
                   A        B        C        D        E       F      G
               +--------+--------+--------+--------+--------+-----+--------+
         Total |   4639 |   4514 |    125 |    396 |   3464 |   5 |  927.8 |
       Dungeon |   4624 |   4499 |    125 |    396 |   3464 |   4 | 1156.0 |
        Temple |     15 |     15 |      0 |      0 |      0 |   1 |   15.0 |
               +--------+--------+--------+--------+--------+-----+--------+

Top non-repeatable levels by time:
     D:2: 1763 daAuts
     D:3: 1529 daAuts
     D:1: 776 daAuts
     D:4: 554 daAuts
  Temple: 15 daAuts
